 Dungeon Crawl Stone Soup version 0.22.1-2-g9c5b331383 (webtiles) character file.

649 Descartes the Sneak (level 7, 0/32 HPs)
             Began as a Vine Stalker Enchanter on Nov 29, 2018.
             Slain by Pikel
             ... wielding a +2 whip of electrocution
              (12 damage)
             ... on level 5 of the Dungeon.
             The game lasted 00:20:53 (4425 turns).

Descartes the Sneak (Vine Stalker Enchanter)        Turns: 4425, Time: 00:20:54

Health: 0/32       AC:  7    Str: 11    XL:     7   Next: 53%
Magic:  0/12       EV: 13    Int: 17    God:
Gold:   222        SH:  0    Dex: 14    Spells: 6/12 levels left

rFire    . . .     SeeInvis .   C - +2 rapier (elec)
rCold    . . .     Gourm    .   (no shield)
rNeg     + . .     Faith    .   e - +0 steam dragon scales
rPois    .         Spirit   +   E - +2 hat
rElec    .         Reflect  .   (no cloak)
rCorr    .         Harm     .   (no gloves)
MR       .....                  (no boots)
Stlth    +++.......             t - amulet of regeneration
HPRegen  0.90/turn              A - ring of positive energy
MPRegen  0.13/turn              (no ring)

@: no status effects
A: fangs 2, regeneration 1, magic shield, antimagic bite, no potion heal 3, rot
immunity
a: no special abilities


You were on level 5 of the Dungeon.
You were not hungry.

You visited 2 branches of the dungeon, and saw 6 of its levels.

You collected 222 gold pieces.

Inventory:

Hand Weapons
 a - a +1 dagger
 b - a +0 blowgun
 C - a +2 rapier of electrocution (weapon)
 D - a +1 hunting sling of flaming
Missiles
 c - 30 arrows
 g - 135 stones
 h - 27 poisoned needles
 j - 14 sling bullets
 v - 6 curare-tipped needles
 w - 2 javelins of penetration (quivered)
Armour
 e - +0 steam dragon scales (worn)
 s - a +0 buckler
 u - a +0 robe
 E - a +2 hat (worn)
 G - a +2 robe of magic resistance
Jewellery
 t - an amulet of regeneration (around neck)
 A - a ring of positive energy (left hand)
Scrolls
 f - 2 scrolls of teleportation {unknown}
 i - a scroll of fog {unknown}
 l - 2 scrolls of magic mapping {unknown}
 m - a scroll of immolation {unknown}
 p - 2 scrolls of remove curse {unknown}
 q - a scroll of identify
 y - a scroll of enchant armour {unknown}
 z - a scroll of enchant weapon {unknown}
Potions
 k - a potion of berserk rage
 n - a potion of curing
 o - 2 potions of haste
 r - 2 potions of lignification
 x - a potion of might
 B - a potion of brilliance
Comestibles
 d - 13 rations
 F - 3 chunks of flesh


   Skills:
 * Level 3.5 Short Blades
 + Level 2.6 Dodging
 + Level 5.0 Stealth
 + Level 0.0 Shields
 + Level 3.2 Spellcasting
 * Level 4.8 Hexes
 * Level 3.2 Ice Magic


You had 6 spell levels left.
You knew the following spells:

 Your Spells              Type           Power        Failure   Level  Hunger
a - Corona                Hex            ###....      2%          1    None
b - Ensorcelled Hibernat  Hex/Ice        ###...       4%          2    ##.....
c - Confuse               Hex            ###.....     7%          3    ###....

Your spell library contained the following spells:

 Spells                   Type           Power        Failure   Level  Hunger
 Tukima's Dance           Hex            ###.....     7%          3    ###....
 Dazzling Spray           Conj/Hex       ##....       19%         3    ###....


Dungeon Overview and Level Annotations

Branches:
Dungeon (5/15)             Temple (1/1) D:4

Altars:
Cheibriados
Elyvilon
Fedhas
Gozag
Hepliaklqana
Kikubaaqudgha
Nemelex Xobeh
Okawaru
Qazlal
Ru
Trog
Uskayaw
Vehumet
Wu Jian
Yredelemnul

Annotations:
D:4 1 runed door, Tutankhamun's ghost, amateur OpTm
D:5 Pikel; Prince Ribbit


Innate Abilities, Weirdness & Mutations

You have extremely sharp teeth.
Your natural rate of healing is unusually fast.
When hurt, damage is shared between your health and your magic reserves.
Your bite disrupts and absorbs the magic of your enemies.
Potions cannot restore your health.
You are immune to rotting.


Message History

Casting: Ensorcelled Hibernation (safe; 4% risk of failure)
Confirm with . or Enter, or press ? or * to list all spells.
Aiming: Confuse (safe; 7% risk of failure)
Press: ? - help, Shift-Dir - straight line, f/p - Pikel
Aim: Pikel, wielding a whip of electrocution and wearing a robe (chance to Pikel resists with some effort.
Pikel closely misses you.
You hit Pikel but do no damage. Your bite misses Pikel.
Pikel barely misses you.
You closely miss Pikel. Your bite misses Pikel.
Pikel hits you with a whip of electrocution!
A slave comes into view.
You barely miss Pikel. Your bite misses Pikel.
Pikel hits you but does no damage.
You are electrocuted!
You barely miss Pikel. Pikel hits you but does no damage.
You hit Pikel but do no damage. You bite Pikel, but do no damage.
Pikel closely misses you. The slave hits you but does no damage.
You closely miss Pikel.
Pikel hits you with a whip of electrocution.
You are electrocuted!
You die...

#.....# ###.....#
#.#.....# ..#.......# #
..........######### #
#.#.............# #
#.#..##.........# #
##.####p#...+.........#
#
#..ppK@.....#.........#
##
#.####.##.#.....#######
.## #....#..#....# #.#
. .....#...#.#.# ###...
# ..###.#.#.#.#.#
...... ....
.........>##### ##..#.
##.. #.#..#..#......
##..#
#..###.#.....#......
....# #.
##......##....#.....[


You could see Pikel and 3 slaves.

Vanquished Creatures
  A phantom (D:4)
  2 ogres (D:4)
  Blork the orc (D:5)
  2 orc priests
  An orc wizard (D:3)
  A worker ant (D:4)
  3 gnolls
  7 adders
  4 oozes
  A worm (D:3)
  4 dart slugs
  3 leopard geckos
  10 orcs
  3 ball pythons
  6 bats
  2 giant cockroaches
  5 goblins
  8 hobgoblins
  4 jackals (D:1)
  A quokka (D:5)
  8 frilled lizards
  9 kobolds
  A leopard gecko skeleton (D:5)
  A quokka skeleton (D:4)
  10 rats
98 creatures vanquished.

Notes
Turn   | Place    | Note
-------+----------+-------------------------------------------
     0 | D:1      | Descartes the Vine Stalker Enchanter began the quest for
                  | the Orb.
     0 | D:1      | Reached XP level 1. HP: 9/9 MP: 4/4
    25 | D:1      | Reached skill level 1 in Short Blades
   101 | D:1      | Reached XP level 2. HP: 11/13 MP: 4/6
   268 | D:1      | Learned a level 2 spell: Ensorcelled Hibernation
   373 | D:1      | You fall through a shaft!
   477 | D:2      | Reached XP level 3. HP: 9/16 MP: 4/7
   872 | D:1      | Reached skill level 4 in Stealth
   877 | D:1      | Gained mutation: Your natural rate of healing is unusually
                  | fast. [Vine Stalker growth]
   877 | D:1      | Reached XP level 4. HP: 10/21 MP: 1/8
  1088 | D:1      | Reached skill level 1 in Ice Magic
  1587 | D:2      | Learned a level 3 spell: Confuse
  1920 | D:3      | Reached XP level 5. HP: 24/24 MP: 9/9
  2007 | D:3      | Found a white marble altar of Elyvilon.
  2369 | D:3      | Reached XP level 6. HP: 28/28 MP: 11/11
  2874 | D:4      | Found a runed door.
  2875 | D:4      | Noticed Tutankhamun's ghost (amateur OpTm)
  3002 | D:4      | Found a staircase to the Ecumenical Temple.
  3015 | Temple   | Entered the Ecumenical Temple
  3481 | D:4      | Noticed a phantom
  3544 | D:4      | Killed a phantom
  3544 | D:4      | Reached XP level 7. HP: 32/32 MP: 12/12
  3971 | D:5      | Entered Level 5 of the Dungeon
  3971 | D:5      | Noticed Prince Ribbit
  3984 | D:5      | Found an ornate altar of the Wu Jian Council.
  4277 | D:5      | Noticed Blork the orc
  4315 | D:5      | Killed Blork the orc
  4315 | D:5      | Reached skill level 5 in Stealth
  4414 | D:5      | Noticed Pikel
  4425 | D:5      | Slain by Pikel

Skill      XL: |  1  2  3  4  5  6  7 |
---------------+----------------------+-----
Short Blades   | 1 2 3 |  3.5
Stealth        | 4 5 |  5.0
Ice Magic      | 1 2 3 |  3.2
Dodging        | 2 |  2.6
Hexes          | 4 |  4.8
Spellcasting   | 3 |  3.2

Action                   |  1- 3 |  4- 6 |  7- 9 || total
-------------------------+-------+-------+-------++-------
Melee: Dagger            |   110 |   203 |    85 ||   398
       Bite              |    17 |    56 |    23 ||    96
       Rapier            |       |       |     8 ||     8
 Fire: Blowgun           |       |     2 |       ||     2
 Cast: Ensorcelled Hiber |     2 |    12 |     4 ||    18
       Corona            |       |     1 |       ||     1
       Confuse           |       |     5 |    11 ||    16
  Use: Scroll            |       |     4 |     2 ||     6
 Stab: Sleeping          |     8 |    19 |     2 ||    29
       Distracted        |       |     1 |       ||     1
       Confused          |       |     2 |     2 ||     4
  Eat: Chunk             |       |     9 |     5 ||    14
Armor: Steam dragon scal |    33 |    45 |    12 ||    90
       Robe              |     1 |       |       ||     1
Dodge: Dodged            |    67 |    94 |    43 ||   204
